 Dungeon Crawl Stone Soup version 0.22.1-1-ga44c0e5 (webtiles) character file.

4015 Lauz the Carver (level 10, -9/71 HPs)
             Began as a Demonspawn Gladiator on Oct 15, 2018.
             Was a Believer of Dithmenos.
             Mangled by a two-headed ogre
             ... wielding a +0 giant club
              (22 damage)
             ... on level 9 of the Dungeon.
             The game lasted 00:59:33 (11533 turns).

Lauz the Carver (Demonspawn Gladiator)             Turns: 11533, Time: 00:59:33

Health: -9/71      AC:  7    Str: 17    XL:     10   Next: 3%
Magic:  10/10      EV: 13    Int: 11    God:    Dithmenos [**....]
Gold:   578        SH:  0    Dex: 14    Spells: 9/9 levels left

rFire    + . .     SeeInvis .   I - +0 blowgun
rCold    . . .     Gourm    .   (no shield)
rNeg     . . .     Faith    .   G - +0 troll leather armour {Purgy}
rPois    .         Spirit   .   (helmet restricted)
rElec    .         Reflect  .   l - scarf {repulsion}
rCorr    .         Harm     .   q - +0 pair of gloves
MR       .....                  (no boots)
Stlth    ++++......             (no amulet)
HPRegen  0.61/turn              E - ring of stealth
MPRegen  0.12/turn              (no ring)

@: wreathed by umbra, heavily drained, repel missiles
A: antennae 1, iridescent scales 1, fire resistance 1, nightstalker 1, flame
cloud immunity
a: Shadow Step, Renounce Religion


You were on level 9 of the Dungeon.
You worshipped Dithmenos.
Dithmenos was pleased with you.
You were not hungry.

You visited 1 branch of the dungeon, and saw 9 of its levels.
You also visited: Sewer.

You collected 578 gold pieces.

Inventory:

Hand Weapons
 a - a +0 long sword
 m - a cursed -2 short sword
 I - a +0 blowgun (weapon)
 M - a +5 scimitar
Missiles
 d - a throwing net
 k - 27 poisoned needles (quivered)
 D - 6 tomahawks
Armour
 b - a +0 leather armour
 l - a scarf of repulsion (worn)
 q - a +0 pair of gloves (worn)
 y - a +0 cloak
 G - a +0 troll leather armour (worn) {Purgy}
 H - a +0 pair of boots
Jewellery
 w - an uncursed ring of ice
 E - a ring of stealth (left hand)
Wands
 u - a wand of random effects (43)
 C - a wand of polymorph (13)
 K - a wand of paralysis (11)
Scrolls
 c - a scroll of enchant armour {unknown}
 e - a scroll of identify
 g - a scroll of blinking {unknown}
 n - 4 scrolls of amnesia
 o - 2 scrolls of teleportation {unknown}
 p - a scroll of magic mapping {unknown}
 s - 2 scrolls of immolation {unknown}
 v - 4 scrolls of fear {unknown}
 x - 6 scrolls of remove curse {unknown}
 z - a scroll of random uselessness {unknown}
 F - a scroll of vulnerability {unknown}
 L - a scroll of holy word {unknown}
Potions
 h - 2 potions of mutation
 i - a potion of agility
 j - 2 potions of brilliance
 r - 3 potions of heal wounds
 t - 5 potions of flight
 A - a potion of lignification
 B - a potion of resistance {unknown}
 J - a potion of cancellation {unknown}
Comestibles
 f - 14 rations


   Skills:
 - Level 4.0(1.6) Fighting
 * Level 9.9(7.1) Long Blades
 * Level 5.7(3.2) Throwing
 - Level 3.1(0.8) Armour
 * Level 5.5(3.0) Dodging
 * Level 3.1(0.8) Stealth
 - Level 0.6(0.0) Unarmed Combat


You had 9 spell levels left.
You didn't know any spells.
Your spell library contained the following spells:

 Spells                   Type           Power        Failure   Level  Hunger
 Animate Skeleton         Necr           N/A          38%         1    ##.....
 Apportation              Tloc           #.....       38%         1    ##.....
 Confusing Touch          Hex            #.....       38%         1    ##.....
 Summon Small Mammal      Summ           #...         38%         1    ##.....
 Call Imp                 Summ           #.......     54%         2    ###....
 Call Canine Familiar     Summ           #.......     77%         3    ####...
 Summon Guardian Golem    Hex/Summ       #.......     77%         3    ####...
 Summon Ice Beast         Ice/Summ       #.......     99%         4    #####..
 Summon Lightning Spire   Summ/Air       #.......     99%         4    #####..


Dungeon Overview and Level Annotations

Branches:
Dungeon (9/15)             Temple (0/1) D:7
   Lair: D:8-11         Orc: D:9-12

Altars:
Ashenzari
Dithmenos
Elyvilon
Makhleb
Nemelex Xobeh
Okawaru
Qazlal
The Shining One

Shops:
D:5 (

Annotations:
D:3 2 transporters
D:5 Sigmund


Innate Abilities, Weirdness & Mutations

You have a pair of small antennae on your head.
You are partially covered in iridescent scales. (AC +2)
Your flesh is heat resistant. (rF+)
You are slightly more attuned to the shadows.
You are immune to clouds of flame.


Message History

Firing (i - inventory. (/) - cycle)
k - 29 poisoned needles (quivered)
Press: ? - help, Shift-Dir - straight line, f/p - two-headed ogre
Aim: a two-headed ogre, wielding two giant clubs (moderately wounded, poisoned)
You shoot a poisoned needle.
The poisoned needle hits the two-headed ogre.
The two-headed ogre looks as sick as possible!
The two-headed ogre is moderately wounded.
Firing (i - inventory. (/) - cycle)
k - 28 poisoned needles (quivered)
Press: ? - help, Shift-Dir - straight line, f/p - two-headed ogre
Aim: a two-headed ogre, wielding two giant clubs (moderately wounded, poisoned, You shoot a poisoned needle.
The poisoned needle barely misses the two-headed ogre.
The two-headed ogre hits you with a giant club! x2
The troll barely misses you. The troll claws you! The troll misses you.
A shadow imp comes into view.
Found a stone staircase leading down.
The two-headed ogre hits you with a giant club!!
* * * LOW HITPOINT WARNING * * *
The two-headed ogre hits you with a giant club!!
You die...

#...# ##.$## ##.....
>.## #...#####.....#
...#
##.##.##.#....##..##
###.#...........#...####
..!...........$.........
..).<.............?.....
...............O........
..............T.@.......
.............$...(..((((
######.#.##...([########
#...##.<.....#
##.##.......###
##..#......##.##
#..........#...#
##..#.##...#..##
######........#


You could see a two-headed ogre and a troll.

Vanquished Creatures
  Prince Ribbit (D:5)
  A hippogriff (D:8)
  3 orc warriors
  An ice beast (D:8)
  2 sky beasts
  An eye of draining (D:8)
  Purgy (Sewer)
  2 phantoms
  2 black bears
  A necrophage (D:5)
  2 ogres (D:7)
  A centaur (D:8)
  A big kobold (D:7)
  A gnoll sergeant (D:5)
  4 bullfrogs
  2 scorpions (D:6)
  5 wights
  A howler monkey (D:4)
  A centaur zombie (D:7)
  2 crimson imps
  6 hounds
  An iron imp (D:8)
  6 orc priests
  A gnoll shaman (D:7)
  A bullfrog skeleton (D:6)
  16 orc wizards
  An iguana (D:5)
  2 worker ants
  A hound zombie (D:6)
  Robin (D:4)
  9 gnolls
  9 adders
  4 river rats (D:6)
  A shadow imp (D:6)
  2 oozes
  2 adder zombies
  4 worms
  2 dart slugs (D:1)
  5 leopard geckos
  29 orcs
  5 ball pythons
  5 giant cockroaches
  17 goblins
  24 hobgoblins
  14 jackals
  2 quokkas
  11 bats
  5 frilled lizards
  A goblin zombie (D:8)
  A hobgoblin zombie (D:8)
  A jackal skeleton (D:6)
  19 kobolds
  A leopard gecko skeleton (D:7)
  A leopard gecko zombie (D:6)
  3 orc skeletons (D:8)
  An orc zombie (D:8)
  A quokka skeleton (D:7)
  13 rats
  3 plants (D:7)
266 creatures vanquished.

Notes
Turn   | Place    | Note
-------+----------+-------------------------------------------
     0 | D:1      | Lauz the Demonspawn Gladiator began the quest for the Orb.
     0 | D:1      | Reached XP level 1. HP: 16/16 MP: 1/1
   334 | D:1      | Reached skill level 3 in Long Blades
   386 | D:1      | Gained mutation: Your flesh is heat resistant. (rF+)
                  | [demonic ancestry]
   386 | D:1      | Reached XP level 2. HP: 22/22 MP: 2/2
   869 | D:1      | Gained mutation: You are partially covered in iridescent
                  | scales. (AC +2) [demonic ancestry]
   869 | D:1      | Reached XP level 3. HP: 23/27 MP: 3/3
  1973 | D:2      | Reached skill level 4 in Long Blades
  1973 | D:2      | Reached XP level 4. HP: 33/33 MP: 4/4
  3106 | D:2      | Reached skill level 1 in Armour
  3363 | D:3      | Gained mutation: You are immune to clouds of flame.
                  | [demonic ancestry]
  3363 | D:3      | Reached XP level 5. HP: 39/39 MP: 5/5
  3455 | D:3      | Found a transporter.
  3465 | D:3      | Found a transporter.
  4003 | D:3      | Found an iron altar of Okawaru.
  4149 | D:4      | Noticed a phantom
  4184 | D:4      | Killed a phantom
  4184 | D:4      | Reached skill level 5 in Long Blades
  4184 | D:4      | Reached XP level 6. HP: 24/46 MP: 6/6
  4340 | D:4      | Found a shattered altar of Ashenzari.
  5140 | D:4      | Found a shadowy altar of Dithmenos.
  5533 | D:4      | Noticed Robin
  5543 | D:4      | Killed Robin
  5543 | D:4      | Gained mutation: You are slightly more attuned to the
                  | shadows. [demonic ancestry]
  5543 | D:4      | Reached XP level 7. HP: 49/52 MP: 7/7
  5793 | D:5      | Entered Level 5 of the Dungeon
  6109 | D:5      | Found Reqyuq's Antique Weapon Emporium.
  6109 | D:5      | Noticed Sigmund
  6209 | D:4      | Became a worshipper of Dithmenos the Shadowed
  6291 | D:5      | Noticed Prince Ribbit
  6306 | D:5      | Killed Prince Ribbit
  6306 | D:5      | Reached skill level 6 in Long Blades
  6892 | D:5      | Gained mutation: You have a pair of small antennae on your
                  | head. [demonic ancestry]
  6892 | D:5      | Reached XP level 8. HP: 34/57 MP: 8/8
  7278 | D:6      | Reached skill level 7 in Long Blades
  7456 | D:6      | Found a glowing drain.
  7543 | Sewer    | Entered a sewer
  7750 | Sewer    | Reached * piety under Dithmenos
  7820 | Sewer    | Noticed Purgy
  7833 | Sewer    | Killed Purgy
  8298 | D:7      | Reached skill level 1 in Stealth
  8306 | D:7      | Reached skill level 8 in Long Blades
  8473 | D:7      | Found a staircase to the Ecumenical Temple.
  8910 | D:6      | Found a burning altar of Makhleb.
  9061 | D:7      | Reached XP level 9. HP: 49/65 MP: 9/9
  9155 | D:7      | Reached ** piety under Dithmenos
  9613 | D:8      | Found a glowing golden altar of the Shining One.
  9684 | D:8      | Found a stormy altar of Qazlal.
  9743 | D:8      | Reached skill level 9 in Long Blades
  9968 | D:8      | Reached skill level 5 in Dodging
 10197 | D:8      | Reached skill level 5 in Throwing
 10285 | D:8      | Found a sparkling altar of Nemelex Xobeh.
 10420 | D:8      | Found a white marble altar of Elyvilon.
 11276 | D:8      | Reached XP level 10. HP: 55/71 MP: 10/10
 11494 | D:9      | Noticed a two-headed ogre
 11533 | D:9      | Mangled by a two-headed ogre

Skill      XL: |  1  2  3  4  5  6  7  8  9 |
---------------+----------------------------+-----
Long Blades    | 3 4 5 6 8 9 |  9.9
Armour         | 1 2 3 |  3.1
Dodging        | 3 4 5 |  5.5
Throwing       | 2 3 5 |  5.7
Fighting       | 3 4 |  4.0
Stealth        | 1 3 |  3.1
Unarmed Combat | |  0.6

Action                   |  1- 3 |  4- 6 |  7- 9 | 10-12 || total
-------------------------+-------+-------+-------+-------++-------
Melee: Long sword        |   102 |   193 |   629 |    15 ||   939
       Unarmed           |       |     5 |     9 |       ||    14
       Scimitar          |       |       |       |     6 ||     6
 Fire: Blowgun           |       |       |    83 |     6 ||    89
Throw: Javelin           |       |    61 |    22 |       ||    83
       Throwing net      |       |     3 |     3 |       ||     6
       Tomahawk          |       |       |     2 |       ||     2
Invok: Shadow Step       |       |       |     3 |       ||     3
  Use: Scroll            |       |     9 |     3 |     1 ||    13
       Potion            |       |       |     4 |       ||     4
 Stab: Sleeping          |     5 |       |     7 |     1 ||    13
  Eat: Chunk             |     3 |    11 |    12 |       ||    26
       Ration            |       |       |     3 |       ||     3
Armor: Leather armour    |    42 |    54 |    52 |       ||   148
       Skin              |       |       |     1 |       ||     1
       Troll leather arm |       |       |   125 |     7 ||   132
Dodge: Dodged            |   102 |   134 |   516 |    29 ||   781
       Deflected         |       |     3 |     8 |       ||    11
       Rpst.: Long sword |    33 |    33 |   144 |     7 ||   217
       Scimitar          |       |       |       |     1 ||     1
